 Dungeon Crawl Stone Soup version 0.19-a0-1899-g2d93087 (webtiles) character file.

159 dobroeutro the Shooter (level 5, -2/46 HPs)
             Began as a Centaur Hunter on Oct 20, 2016.
             Slain by a water moccasin (4 damage)
             ... on level 4 of the Dungeon.
             The game lasted 00:03:13 (3277 turns).

dobroeutro the Shooter (Centaur Hunter)             Turns: 3277, Time: 00:03:14

Health: -2/46      AC:  4    Str: 15    XL:     5   Next: 17%
Magic:  5/5        EV:  9    Int: 10    God:
Gold:   113        SH:  0    Dex: 10    Spells: 0 memorised, 4 levels left

rFire  . . .     SeeInvis .     a - +1 shortbow
rCold  . . .     Gourm    .     c - +0 leather armour
rNeg   . . .     Faith    .     (shield currently unavailable)
rPois  +         Spirit   .     (no helmet)
rElec  .         Reflect  .     (no cloak)
rCorr  .         Harm     .     (no gloves)
MR     .....     Rnd*Tele +     (no barding)
Stlth  +.........               (no amulet)
                                F - ring of poison resistance
                                E - ring of teleportation (curse)

@: very quick
A: hooves 3, deformed body, speed 2, tough skin 3
a: no special abilities


You were on level 4 of the Dungeon.
You were not hungry.

You visited 1 branch of the dungeon, and saw 5 of its levels.

You collected 113 gold pieces.

Inventory:

Hand Weapons
 a - a +1 shortbow (weapon)
 b - a +0 short sword
Missiles
 d - 16 arrows (quivered)
Armour
 c - a +0 leather armour (worn)
Jewellery
 s - an uncursed ring of magical power
 E - a cursed ring of teleportation (left hand)
 F - a ring of poison resistance (right hand)
Wands
 q - a wand of slowing (10/48)
 t - a wand of polymorph (15/24)
Scrolls
 e - 3 scrolls of recharging {unknown}
 h - 3 scrolls of identify {unknown}
 n - a scroll of noise {unknown}
 x - a scroll of remove curse {unknown}
 y - a scroll of enchant armour {unknown}
 z - a scroll of amnesia {unknown}
 C - a scroll of immolation {unknown}
 D - a scroll of fog {unknown}
Potions
 i - a potion of agility {unknown}
 k - a potion of berserk rage {unknown}
 o - a potion of haste {unknown}
 p - a potion of brilliance {unknown}
 r - a potion of beneficial mutation {unknown}
 u - 3 potions of ambrosia {unknown}
 w - a potion of lignification {unknown}
 A - a potion of mutation {unknown}
 B - 2 potions of curing {unknown}
Books
 v - a book of Misfortune

   Spells                             Type                      Level
   a - Confusing Touch                Hexes                        1
   b - Confuse                        Hexes                        3
   c - Gell's Gravitas                Hexes/Translocation          3
   d - Petrify                        Transmutation/Earth          4
   e - Metabolic Englaciation         Hexes/Ice                    5
   f - Yara's Violent Unravelling     Hexes/Transmutation          5
Comestibles
 f - 2 bread rations
 g - 8 fruits
 j - 3 meat rations
 l - 2 beef jerkies
 m - 2 slices of pizza
 G - a chunk of flesh


   Skills:
 + Level 4.0 Fighting
 + Level 7.2 Bows
 - Level 1.3 Dodging
 - Level 0.4 Stealth


You had 4 spell levels left.
You didn't know any spells.

Dungeon Overview and Level Annotations

Branches:
Dungeon (5/15)
 Temple: D:4-7

Altars:
Dithmenos


Innate Abilities, Weirdness & Mutations

You have hooves in place of feet.
Armour fits poorly on your strangely shaped body.
You cover ground very quickly.
You have extremely tough skin. (AC +3)


Message History

You shoot an arrow.
The arrow hits the water moccasin but does no damage.
The water moccasin is severely wounded.
The water moccasin bites you.
* * * LOW HITPOINT WARNING * * *
The water moccasin barely misses you.
Firing (i - inventory):
d - 18 arrows (quivered)
Press: ? - help, Shift-Dir - straight line, f/p - water moccasin
Aim: a water moccasin (severely wounded)
You shoot an arrow.
The arrow barely misses the water moccasin.
The water moccasin bites you.
* * * LOW HITPOINT WARNING * * *
Firing (i - inventory):
d - 17 arrows (quivered)
Press: ? - help, Shift-Dir - straight line, f/p - water moccasin
Aim: a water moccasin (severely wounded)
You shoot an arrow.
The arrow closely misses the water moccasin.
The water moccasin bites you.
You die...

#### #... ######.##
##########
########.......#
###........#
#..............#
#.....####.#
#.######.####..#
##.....#
#.####.######.####...
#......#
#()S@......(.........
#......#
#..###.######.####...
#......# ##...##.##
#.# #...
#.########..o#.#..#
#.# #... #.#
#.#.......#####.#
#... #.##
##>..#..#.......#
##.# #.)##
##...##.##.##### #.#
#...#######...#.⌠.#.#
#.#
#......##.....##.##.#
#.#


You could see a water moccasin.

Vanquished Creatures
  A hound (D:4)
  An orc priest (D:3)
  4 adders
  2 worms (D:3)
  4 dart slugs
  5 orcs
  4 giant cockroaches
  5 goblins
  3 hobgoblins
  A quokka (D:3)
  A ball python (D:1)
  6 bats
  2 frilled lizards
  6 kobolds
  4 rats
49 creatures vanquished.

Notes
Turn   | Place    | Note
-------+----------+-------------------------------------------
     0 | D:1      | dobroeutro the Centaur Hunter began the quest for the Orb.
     0 | D:1      | Reached XP level 1. HP: 17/17 MP: 1/1
   356 | D:1      | Reached XP level 2. HP: 25/25 MP: 2/2
  1332 | D:2      | Reached XP level 3. HP: 17/30 MP: 3/3
  1549 | D:2      | Reached skill level 6 in Bows
  2411 | D:3      | Reached XP level 4. HP: 36/38 MP: 4/4
  2675 | D:4      | Reached skill level 7 in Bows
  2675 | D:4      | Reached XP level 5. HP: 28/46 MP: 5/5
  3164 | D:5      | Entered Level 5 of the Dungeon
  3164 | D:5      | Noticed an ice beast
  3203 | D:5      | Found a shadowy altar of Dithmenos.
  3205 | D:5      | Noticed an orc warrior
  3252 | D:5      | Noticed a water moccasin
  3276 | D:4      | HP: 2/46 [water moccasin (5)]
  3277 | D:4      | Slain by a water moccasin

Vault maps used:
D:1:      roderic_crop_circles_arrival_small
D:4:      serial_glass, glass_columns_a, glass_columns_a, grunt_decor_one_mirror
D:5:      first_bread, basic_altar

Skill      XL: |  1  2  3  4  5 |
---------------+----------------+-----
Fighting       | 3 4 |  4.0
Bows           | 6 7 |  7.2
Dodging        | |  1.3
Stealth        | |  0.4

Action                   |  1- 3 |  4- 6 || total
-------------------------+-------+-------++-------
Melee: Short sword       |   132 |    52 ||   184
       Kick              |    26 |     8 ||    34
 Fire: Shortbow          |    20 |    25 ||    45
  Eat: Chunk             |     3 |     2 ||     5
Armor: Leather armour    |    53 |    14 ||    67
Dodge: Dodged            |    61 |    30 ||    91
